AoeStats
← gob b

Arena

505310075Analyzed
4v4 RM · 22d ago on Sep 8, 2026· 53m 19s· 8 players
Game mode
Random Map
Map size
Large (8 player)
Population
200
Speed
Normal
Resources
Standard
Victory
Conquest
Starting age
Dark Age
Ending age
Imperial Age
RankedLock teamsTeams togetherTeam positionsShared explorationLock speedFull tech treeHidden civsTurbo modeCheats
Victory
Defeat
🇮🇳 Burgundians · India
1078
+13
🇩🇪 Spanish · Germany
1052
+14
🇺🇸 Poles · United States
1016
+16
🇺🇸 Malians · United States
892
+21
🇵🇱 Burgundians · Poland
1039
-17
🇫🇮 Persians · Finland
1030
-31
🇩🇪 Mapuche · Germany
993
-15
🇹🇷 Italians · Türkiye
975
-15
FL2sh_Humor
11:42 Feudal Age
15:56 Castle Age
14:26 Double-Bit Axe
14:47 Horse Collar
18:37 Wheelbarrow
23:30 Loom
26:03 Crossbowman
29:51 Bow Saw
29:46 Heavy Plow
35:40 Hand Cart
35:46 Pikeman
36:18 Pikeman
38:18 Scale Mail Armor
42:33 Imperial Age
42:46 Imperial Age
40:05 Town Watch
41:42 Gold Mining
41:43 Stone Mining
43:13 Scale Barding Armor
43:19 Forging
42:51 Halberdier
44:06 Chain Mail Armor
45:30 Gold Shaft Mining
45:30 Stone Shaft Mining
45:03 Squires
46:35 Plate Mail Armor
46:40 Iron Casting
colafantahunter
9:49 Feudal Age
10:20 Horse Collar
10:35 Double-Bit Axe
17:47 Castle Age
16:31 Stone Mining
20:16 Bow Saw
20:37 Heavy Plow
23:44 Wheelbarrow
25:47 Gold Mining
27:00 Hand Cart
27:48 Gold Shaft Mining
32:39 Stone Shaft Mining
34:47 Imperial Age
34:06 Stone Shaft Mining
33:46 Forging
33:39 Scale Mail Armor
34:10 Elite Skirmisher
34:46 Fletching
34:56 Padded Archer Armor
35:03 Elite Bolas Rider
36:25 Bodkin Arrow
36:46 Leather Archer Armor
38:07 Chemistry
37:28 Ballistics
37:46 Crop Rotation
39:39 Butalmapu
39:37 Malon
39:58 Conscription
40:40 Loom
40:41 Town Watch
41:32 Ring Archer Armor
41:16 Butalmapu
47:22 Masonry
Eclipse
11:07 Feudal Age
10:03 Double-Bit Axe
9:59 Horse Collar
10:13 Gold Mining
10:20 Stone Mining
12:05 Bow Saw
12:19 Heavy Plow
16:02 Loom
22:00 Castle Age
21:11 Wheelbarrow
20:22 Town Watch
22:07 Gold Shaft Mining
22:08 Stone Shaft Mining
22:31 Forging
22:26 Scale Barding Armor
23:28 Husbandry
26:23 Iron Casting
27:23 Scale Mail Armor
27:45 Chain Barding Armor
28:56 Hand Cart
32:23 Imperial Age
30:57 Burgundian Vineyards
31:15 Fletching
31:38 Masonry
31:40 Fortified Wall
32:26 Town Patrol
32:24 Bodkin Arrow
32:27 Murder Holes
34:22 Blast Furnace
33:43 Conscription
34:56 Plate Barding Armor
35:30 Chemistry
35:12 Elite Coustillier
41:08 Architecture
44:17 Two-Man Saw
43:54 Crop Rotation
ChuckMawHinneyS
10:09 Feudal Age
10:40 Double-Bit Axe
17:12 Castle Age
15:22 Horse Collar
17:41 Wheelbarrow
19:17 Bow Saw
19:20 Gold Mining
20:25 Wheelbarrow
20:59 Fletching
21:09 Padded Archer Armor
21:32 Crossbowman
23:07 Bodkin Arrow
24:16 Loom
24:37 Stone Mining
26:02 Thumb Ring
26:34 Leather Archer Armor
28:40 Ballistics
31:47 Imperial Age
30:43 Hand Cart
30:39 Heavy Plow
31:41 Town Watch
32:31 Bracer
32:22 Arbalester
34:17 Chemistry
33:51 Capped Ram
36:57 Ring Archer Armor
39:33 Bombard Tower
39:23 Masonry
40:31 Conscription
Mahihan
11:00 Feudal Age
15:48 Castle Age
13:40 Loom
14:01 Double-Bit Axe
14:23 Horse Collar
17:03 Bow Saw
17:52 Heavy Plow
24:53 Wheelbarrow
24:03 Town Watch
26:50 Husbandry
27:00 Bloodlines
26:58 Scale Barding Armor
28:11 Hand Cart
28:23 Masonry
29:04 Pikeman
30:05 Squires
30:56 Chain Barding Armor
30:38 Scale Mail Armor
30:48 Forging
35:51 Iron Casting
39:20 Imperial Age
39:39 Cavalier
40:56 Plate Barding Armor
41:21 Blast Furnace
40:37 Chain Mail Armor
40:58 Conscription
44:03 Caravan
45:41 Plate Mail Armor
46:36 Halberdier
47:53 Arson
49:16 Paladin
Jaeger
11:33 Feudal Age
15:42 Castle Age
14:53 Double-Bit Axe
15:52 Bloodlines
15:54 Light Cavalry
18:16 Wheelbarrow
22:26 Hand Cart
22:31 Bow Saw
23:01 Horse Collar
24:31 Forging
30:05 Heavy Plow
31:00 Iron Casting
30:31 Scale Barding Armor
33:12 Chain Barding Armor
36:57 Imperial Age
34:32 Husbandry
37:18 Winged Hussar
39:12 Blast Furnace
38:38 Lechitic Legacy
38:24 Szlachta Privileges
38:39 Conscription
37:56 Cavalier
40:17 Fletching
40:27 Padded Archer Armor
gob b
6:57 Double-Bit Axe
12:19 Feudal Age
11:42 Horse Collar
11:52 Gold Mining
16:41 Castle Age
15:04 Bow Saw
14:56 Heavy Plow
16:18 Forging
18:48 Two-Man Saw
19:16 Wheelbarrow
28:59 Imperial Age
26:58 Loom
27:29 Hand Cart
27:15 Stone Mining
28:00 Iron Casting
27:15 Cavalier
28:35 Crop Rotation
28:55 Husbandry
29:20 Scale Barding Armor
30:51 Blast Furnace
30:39 Gold Shaft Mining
29:36 Paladin
31:56 Chain Barding Armor
33:18 Burgundian Vineyards
33:34 Conscription
34:01 Plate Barding Armor
38:00 Chemistry
37:20 Ballistics
36:54 Fletching
37:05 Padded Archer Armor
40:38 Leather Archer Armor
40:19 Bodkin Arrow
40:12 Light Cavalry
45:12 Hussar
45:54 Bracer
messman2020
10:49 Loom
12:34 Feudal Age
17:44 Castle Age
15:37 Double-Bit Axe
15:33 Horse Collar
16:28 Gold Mining
16:48 Stone Mining
20:22 Bow Saw
20:56 Wheelbarrow
23:31 Scale Mail Armor
23:42 Forging
23:23 Fletching
23:59 Town Watch
27:23 Iron Casting
27:03 Chain Mail Armor
27:27 Iron Casting
26:43 Fletching
29:16 Hand Cart
29:22 Pikeman
29:48 Arson
31:24 Bodkin Arrow
31:56 Squires
33:46 Fortified Wall
33:31 Murder Holes
38:41 Imperial Age
38:55 Elite Gbeto
39:55 Conscription
41:00 Conscription
41:19 Plate Mail Armor
41:24 Iron Casting
41:31 Iron Casting
41:10 Heavy Plow
41:14 Man-at-Arms
43:51 Farimba
44:01 Onager
44:54 Town Patrol
47:02 Chemistry
48:41 Capped Ram
Connection lost

Rejoining the realm…

Still unreachable

The connection could not be restored.

Session expired

The server has moved on; the page needs a fresh start.